 Dungeon Crawl Stone Soup version 0.29-a0-775-g4d7333d4e2 (webtiles) character file.

Game seed: 1570133099386417921

537414 blackman the Slayer (level 27, -15/249 HPs)
             Began as a Human Delver on July 1, 2022.
             Was the Champion of Ashenzari.
             Demolished by a yellow draconian
             ... wielding a +0 hand axe
              (20 damage)
             ... on level 4 of the Realm of Zot.
             The game lasted 04:32:33 (75714 turns).

blackman the Slayer (Human Delver)                 Turns: 75714, Time: 04:32:34

Health: -15/249    AC: 43    Str: 34    XL:     27
Magic:  0/34       EV: 23    Int: 16    God:    Ashenzari [******]
Gold:   6725       SH:  0    Dex: 16    Spells: 26/41 levels left

rFire   + + .      SeeInvis +   v - +13 scythe of Curses {drain, Drain, Self, Melee} (curse)
rCold   + . .      Faith    .   (shield currently unavailable)
rNeg    . . .      Spirit   +   S - +8 plate armour "Loss of Ashenzari" {rF++ Str+6, Bglg, Fort} (curse)
rPois   .          Reflect  .   p - +2 helmet "Repose of Ashenzari" {Evo, Fort} (curse)
rElec   .          Harm     .   A - +2 cloak "Chained Lethargy" {Bglg, Self} (curse)
rCorr   +          Rampage  .   G - +5 pair of gloves of Supernal Understanding {*Slow +Blink +Inv Str+4, Cun, Comp} (curse)
Will    ++...      Clarity  +   J - +1 pair of boots "Sybil of Ashenzari" {Evo, Melee} (curse)
Stlth   ..........              O - amulet of Ashenzari's Negligence {Spirit, Melee, Comp} (curse)
HPRegen 0.51/turn               P - ring "Bound With Me" {AC+4, Cun, Fort} (curse)
MPRegen 0.24/turn               U - ring "Behold Eternity" {rC+ rCorr EV+4 Int+4 Slay+3, Evo, Fort} (curse)

@: about to teleport, corroded, hasted and slowed
A: no striking features
}: 3/15 runes: decaying, serpentine, silver
a: Renounce Religion, Evoke Blink, Evoke Invisibility, Shatter the Chains


You were on level 4 of the Realm of Zot.
You worshipped Ashenzari.
Ashenzari was exalted by your worship.
You visited 11 branches of the dungeon, and saw 48 of its levels.
You visited 1 bazaar.
You also visited: Gauntlet.

You collected 10492 gold pieces.
You spent 3767 gold pieces at shops.

Inventory:

Hand Weapons
 v - the cursed +13 scythe of Curses (weapon) {drain, Drain, Self, Melee}
   (You found it on level 4 of the Dungeon)

   A truly terrible weapon, it drains the life of any living foe it strikes.
   It inflicts powerful necromantic curses on any living foe it strikes.
   Drain:     It drains your maximum health when unequipped.
   It has a curse which improves the following skills: Introspection: Fighting
   and Spellcasting.
   Melee Combat: Short Blades, Long Blades, Axes, Maces & Flails, Polearms,
   Staves and Unarmed Combat.
 R - the +10 trident of the Blushing Sybil {holy, *Rage rC+++ Str+7}
   (You found it on level 3 of the Lair of Beasts)

   It has been blessed by the Shining One to cause great damage to the undead
   and demons.
   Str:       It affects your strength (+7).
   rC:        It renders you almost immune to cold.
   *Rage:     It berserks you when you make melee attacks (+20% chance).
Missiles
 a - 12 javelins (quivered)
 h - 4 curare-tipped darts
 i - 11 silver javelins
 H - 7 throwing nets
Armour
 p - the cursed +2 helmet "Repose of Ashenzari" (worn) {Evo, Fort}
   (You found it on level 1 of the Vaults)

   It has a curse which improves the following skills: Evocations: Evocations.
   Fortitude: Armour and Shields.
 A - the cursed +2 cloak "Chained Lethargy" (worn) {Bglg, Self}
   (You took it off Crazy Yiuf on level 4 of the Dungeon)

   It has a curse which improves the following skills: Beguiling: Conjurations,
   Hexes and Translocations.
   Introspection: Fighting and Spellcasting.
 G - the cursed +5 pair of gloves of Supernal Understanding (worn) {*Slow +Blink +Inv Str+4, Cun, Comp}
   (You acquired it on level 6 of the Dungeon)

   Str:       It affects your strength (+4).
   +Inv:      It lets you turn invisible.
   +Blink:    It lets you blink.
   *Slow:     It may slow you when you take damage.
   It has a curse which improves the following skills: Cunning: Dodging and
   Stealth.
   Companions: Summonings and Necromancy.
 J - the cursed +1 pair of boots "Sybil of Ashenzari" (worn) {Evo, Melee}
   (You found it on level 1 of the Dungeon)

   It has a curse which improves the following skills: Evocations: Evocations.
   Melee Combat: Short Blades, Long Blades, Axes, Maces & Flails, Polearms,
   Staves and Unarmed Combat.
 S - the cursed +8 plate armour "Loss of Ashenzari" (worn) {rF++ Str+6, Bglg, Fort}
   (You found it on level 2 of the Lair of Beasts)

   Str:       It affects your strength (+6).
   rF:        It greatly protects you from fire.
   It has a curse which improves the following skills: Beguiling: Conjurations,
   Hexes and Translocations.
   Fortitude: Armour and Shields.
Jewellery
 q - the ring "Dugyeth" {rCorr MP+9 AC+4 Int+2 Dex+2}
   (You took it off a minotaur in a Gauntlet)

   [ring of protection]

   AC:        It affects your AC (+4).
   Int:       It affects your intelligence (+2).
   Dex:       It affects your dexterity (+2).
   MP:        It affects your magic capacity (+9).
   rCorr:     It protects you from acid and corrosion.
 D - a +4 ring of protection
 O - the cursed amulet of Ashenzari's Negligence (around neck) {Spirit, Melee, Comp}
   (You found it on level 8 of the Dungeon)

   [amulet of guardian spirit]

   It causes incoming damage to be divided between your reserves of health and
   magic.
   It has a curse which improves the following skills: Melee Combat: Short
   Blades, Long Blades, Axes, Maces & Flails, Polearms, Staves and Unarmed
   Combat.
   Companions: Summonings and Necromancy.
 P - the cursed ring "Bound With Me" (left hand) {AC+4, Cun, Fort}
   (You found it on level 8 of the Dungeon)

   [ring of protection]

   AC:        It affects your AC (+4).
   It has a curse which improves the following skills: Cunning: Dodging and
   Stealth.
   Fortitude: Armour and Shields.
 U - the cursed ring "Behold Eternity" (right hand) {rC+ rCorr EV+4 Int+4 Slay+3, Evo, Fort}
   (You bought it in a shop on level 2 of the Snake Pit)

   [ring of evasion]

   EV:        It affects your evasion (+4).
   Int:       It affects your intelligence (+4).
   Slay:      It affects your accuracy & damage with ranged weapons and melee
   (+3).
   rC:        It protects you from cold.
   rCorr:     It protects you from acid and corrosion.
   It has a curse which improves the following skills: Evocations: Evocations.
   Fortitude: Armour and Shields.
Wands
 g - a wand of digging (24)
 k - a wand of mindburst (8)
 t - a wand of polymorph (12)
 w - a wand of charming (14)
 y - a wand of iceblast (34)
Scrolls
 c - 7 scrolls of fog
 d - 6 scrolls of magic mapping
 e - 11 scrolls of fear
 l - 9 scrolls of immolation
 m - 3 scrolls of poison
 B - 10 scrolls of enchant weapon
 C - 9 scrolls of amnesia
 F - 11 scrolls of teleportation
 I - a scroll of silence
 L - 4 scrolls of summoning
 Y - a scroll of brand weapon
Potions
 f - 10 potions of haste
 n - 4 potions of berserk rage
 o - 17 potions of curing
 r - 5 potions of might
 s - 13 potions of mutation
 u - 5 potions of flight
 z - 2 potions of ambrosia
 E - 3 potions of resistance
 M - a potion of magic
 Q - 6 potions of brilliance
 T - 7 potions of lignification
 V - 4 potions of cancellation
Miscellaneous
 b - a tin of tremorstones (1/2)
 j - a tin of tremorstones (1/2)
 N - a phial of floods
 W - a box of beasts
 X - a condenser vane
 Z - a phantom mirror


   Skills:
 - Level 23.6(27) Fighting
 - Level 6.1(18.0) Axes
 - Level 22.2(27) Polearms
 - Level 18.6(24.5) Armour
 * Level 16.8(20.6) Dodging
 - Level 5.0(8.7) Stealth
 - Level 4.0(7.5) Spellcasting
 - Level 11.4(15.3) Hexes
 - Level 13.7(17.5) Translocations
 - Level 7.0 Air Magic
 - Level 13.6(18.7) Evocations


You had 26 spell levels left.
You knew the following spells:

 Your Spells              Type           Power      Damage    Failure   Level
a - Passage of Golubria   Tloc           58%        N/A       1%          4
b - Dispersal             Tloc           29%        N/A       3%          6
c - Silence               Hex/Air        20%        N/A       10%         5

Your spell library contained the following spells:

 Spells                   Type           Power      Damage    Failure   Level
 Gell's Gravitas          Tloc           58%        N/A       1%          3
 Portal Projectile        Hex/Tloc       100%       N/A       1%          3
 Teleport Other           Tloc           58%        N/A       1%          3
 Tukima's Dance           Hex            53%        N/A       1%          3
 Dazzling Flash           Conj/Hex       62%        N/A       3%          3
 Summon Guardian Golem    Hex/Summ       31%        N/A       3%          3
 Inner Flame              Hex/Fire       30%        N/A       4%          3
 Iskenderun's Mystic Bla  Conj/Tloc      35%        2d8       8%          4
 Static Discharge         Conj/Air       18%        3-6/arc   11%         2
 Fulminant Prism          Conj/Hex       15%        3d11      12%         4
 Leda's Liquefaction      Hex/Erth       15%        N/A       14%         4
 Airstrike                Air            14%        0-5+      19%         4
 Summon Forest            Summ/Tloc      17%        N/A       22%         5
 Magic Dart               Conj           28%        1d4       26%         1
 Summon Small Mammal      Summ           28%        N/A       26%         1
 Foxfire                  Conj/Fire      24%        2x1d5     28%         1
 Beastly Appendage        Tmut           12%        N/A       32%         1
 Searing Ray              Conj           14%        2d5       36%         2
 Metabolic Englaciation   Hex/Ice        15%        N/A       36%         5
 Yara's Violent Unravell  Hex/Tmut       15%        3d8       36%         5
 Passwall                 Tmut/Erth      5%         N/A       45%         2
 Wereblood                Tmut           6%         N/A       45%         2
 Summon Lightning Spire   Summ/Air       18%        N/A       56%         4
 Call Canine Familiar     Summ           7%         N/A       61%         3
 Conjure Flame            Conj/Fire      6%         6-21      65%         3
 Frozen Ramparts          Ice            12%        1d3       69%         3
 Spider Form              Tmut/Pois      6%         N/A       69%         3
 Corpse Rot               Necr/Pois/Air  14%        N/A       75%         4
 Disjunction              Tloc           29%        N/A       85%         8
 Lightning Bolt           Conj/Air       9%         1d21      88%         5
 Animate Dead             Necr           7%         N/A       95%         4
 Dispel Undead            Necr           7%         3d8       95%         4
 Animate Armour           Summ/Erth      12%        N/A       96%         4
 Flame Wave               Conj/Fire      6%         2d5       96%         4
 Sticky Flame             Conj/Fire      6%         2d3       96%         4
 Summon Ice Beast         Ice/Summ       6%         N/A       96%         4
 Ice Form                 Ice/Tmut       6%         N/A       97%         4
 Petrify                  Tmut/Erth      6%         N/A       97%         4
 Freezing Cloud           Conj/Ice/Air   7%         6-21      97%         5
 Agony                    Necr           7%         N/A       100%        5
 Alistair's Intoxication  Tmut/Pois      4%         N/A       100%        5
 Blade Hands              Tmut           3%         N/A       100%        5
 Borgnjor's Vile Clutch   Necr/Erth      3%         N/A       100%        5
 Irradiate                Conj/Tmut      3%         3d14      100%        5
 Death Channel            Necr           3%         N/A       100%        6
 Eringya's Noxious Bog    Tmut/Pois      3%         N/A       100%        6
 Iron Shot                Conj/Erth      3%         9d2       100%        6
 Simulacrum               Ice/Necr       3%         N/A       100%        6
 Starburst                Conj/Fire      3%         6d3       100%        6
 Statue Form              Tmut/Erth      4%         N/A       100%        6
 Dragon Form              Tmut           3%         N/A       100%        7
 Haunt                    Necr/Summ      3%         N/A       100%        7
 Summon Hydra             Summ           3%         N/A       100%        7
 Infestation              Necr           3%         N/A       100%        8
 Lehudib's Crystal Spear  Conj/Erth      3%         10d2      100%        8
 Necromutation            Tmut/Necr      3%         N/A       100%        8
 Polar Vortex             Ice            3%         N/A       100%        9


Dungeon Overview and Level Annotations

Branches:
Dungeon (15/15)            Temple (1/1) D:5            Lair (6/6) D:11
  Swamp (4/4) Lair:2        Snake (4/4) Lair:4        Slime (1/5) Lair:6
    Orc (2/2) D:11            Elf (2/3) Orc:2        Vaults (5/5) D:14
  Crypt (0/3) Vaults:3     Depths (4/4) D:15            Zot (4/5) Depths:4
Gauntlet (visited)

Altars:
Ashenzari
Cheibriados
Dithmenos
Elyvilon
Fedhas
Gozag
Hepliaklqana
Kikubaaqudgha
Makhleb
Nemelex Xobeh
Okawaru
Qazlal
Ru
Sif Muna
Trog
Uskayaw
Vehumet
Wu Jian
Xom
Yredelemnul
Zin
The Shining One
Beogh

Shops:
D:6 (?*(*   D:8 :   Orc:2 (:*[**   Elf:2 *:*   Snake:2 =   Vaults:1 ((*=[*[
Vaults:2 [   Vaults:5 ==:?!!?!?   Depths:1 ?[=([

Portals:
Hell: Depths:1 Depths:2 Depths:3 Depths:4
Abyss: Snake:4 Depths:3 Depths:4
Pandemonium: Depths:1 Depths:2 Depths:3
Ziggurat: Depths:4

Annotations:
D:7 2 transporters, zeratav's ghost, novice TrFi
D:11 3 runed translucent doors, chrisa4242's ghost, journeyman FoGl
D:12 3 runed translucent doors, chrisa4242's ghost, novice OpAK
Lair:4 3 runed translucent doors, Fiha's ghost, journeyman VSTm; Xutikh's ghost, journeyman SpCA
Snake:3 1 runed translucent door, Keedach's ghost, journeyman DsBe
Snake:4 2 transporters, Mimusiah's ghost, adept HOFi
Orc:2 2 transporters, zazu2006's ghost, journeyman NaHW
Elf:1 6 runed translucent doors
Depths:2 exclusion: 2 statues
Zot:3 2 runed translucent doors, Akugygoc's ghost, legendary MiFi


Message History

Unknown command.
Throw: 12 javelins
Press: ? - help, Q - select action, (/) - cycle Shift-Dir - straight line, f - golden dragon
Aim: a golden dragon (berserk, 81% to hit)
Okay, then.
Unknown command.
You blink.
The death cob completely misses you.
Unknown command.
Unknown command.
Throw: 12 javelins
Press: ? - help, Q - select action, (/) - cycle Shift-Dir - straight line, f - death cob
Aim: a death cob (lightly damaged, ally target, 62% to hit)
Okay, then.
Unknown command.
You blink.
The death cob hits your storm dragon!
The death cob drains your storm dragon's vigour!
Your storm dragon seems to slow down.
The death cob hits your storm dragon.
The death cob drains your storm dragon's vigour!
Your storm dragon seems to slow down.
Your storm dragon bites the death cob but does no damage.
Your storm dragon claws the death cob!
Your storm dragon tramples the death cob.
The death cob stumbles backwards!
Unknown command.
Unknown command.
Okay, then.
Unknown command.
As you read the scroll of fear, it crumbles to dust.
You assume a fearsome visage.
The yellow draconian is unaffected.
The yellow draconian annihilator looks frightened!
The storm dragon easily resists.
The golden dragon is unaffected.
The death cob is unaffected.
Your moth of wrath is no longer moving slowly.
The death cob hits your storm dragon but does no damage. x2
The golden dragon closely misses you.
The golden dragon claws you but does no damage.
The golden dragon tramples you but does no damage.
The yellow draconian hits you with a +0 hand axe!!
You die...

, *, , ,,#.{....8....# ,*
,,, +...(.......# , , ,, ,
,**###..!)!..### *, *
***,*,, #......†?...+.. ,
* *,, #....8......#..,,
,,* *
,,*,*,.,#......)).8.#....,
* ,* ...#######[#...#D..#
** *,,,
.......§^q.#...#{..# ,, ,
......zD.@y#...#...##### ,
*
*.........Dd#...#..=######
,, *
#+######.D.#####...######
* ,
∆....#...........#######
,,, ** *
##.#...........'.##### **
** *##.#........(..#.#####
, , ,,,
,..#############.##### * ,
,, ,
,,...............####. *
,, , ** **########.......


You could see a golden dragon (berserk), a storm dragon (catching breath, ally
target), a yellow draconian (berserk), a death cob (ally target), a yellow
draconian annihilator (fleeing), a friendly storm dragon (summoned, berserk,
slow) and a friendly moth of wrath (summoned).

Vanquished Creatures
  2 dread liches
  2 ancient liches
  2 Killer Klowns (Zot:3)
  Bai Suzhen (Vaults:5)
  The ghost of dolemite99 the Executioner, a veteran GnNe of Lugonu (Zot:1)
  3 curse toes
  Vashnia (Snake:2)
  10 golden dragons
  A bone dragon (Depths:4)
  An electric golem (Zot:1)
  Jorgrun (D:12)
  A walking earthen tome (Depths:3)
  Rupert (D:12)
  Asterion (Depths:2)
  A walking crystal tome (Depths:3)
  3 liches
  10 tentacled monstrosities
  A walking divine tome (Depths:1)
  A deep elf blademaster (Elf:2)
  5 titans
  6 quicksilver dragons
  7 death cobs
  A thorn hunter (Swamp:4)
  Agnes (Elf:1)
  6 sphinxes
  13 shadow dragons
  7 tengu reavers
  9 storm dragons
  3 draconian monks
  Donald (Swamp:2)
  A fenstrider witch (Swamp:1)
  4 nagarajas
  8 frost giants
  6 fire giants
  3 iron dragons
  3 draconian knights
  3 orc warlords
  4 ghost moths
  12 vault wardens
  3 deep elf sorcerers
  A caustic shrike zombie (Depths:2)
  Aizul (Snake:1)
  2 draconian shifters
  4 draconian scorchers
  4 draconian stormcallers
  A draconian annihilator (Zot:2)
  A spriggan defender (Depths:3)
  24 stone giants
  21 ironbound preservers
  6 ironbound thunderhulks
  16 very ugly things
  A war gargoyle (Vaults:5)
  7 green draconians
  4 deep elf demonologists
  6 vampire knights
  3 eleionomae
  12 red draconians
  9 white draconians
  A deep elf annihilator (Vaults:5)
  2 black draconians
  3 purple draconians
  3 bunyips
  8 dire elephants
  A spark wasp (Depths:3)
  6 yellow draconians
  2 entropy weavers (Vaults:4)
  2 crystal guardians (Vaults:1)
  Snorg (D:12)
  A minotaur (Gauntlet)
  12 ettins
  15 fire dragons
  An eidolon (Vaults:3)
  A merfolk javelineer (Depths:3)
  3 deep elf death magi
  A shambling mangrove (Swamp:1)
  17 yaktaur captains
  9 great orbs of eyes
  3 deep elf high priests
  Fannar (Orc:1)
  7 rakshasas
  2 peacekeepers
  36 vault guards
  6 ice dragons
  Harold (D:9)
  5 salamander tyrants (Snake:4)
  A ghost crab (Swamp:3)
  20 hydras
  6 boulder beetles
  A jorogumo (shapeshifter) (D:13)
  7 spriggan air magi
  3 ogre magi
  18 centaur warriors
  6 two-headed ogres
  A catoblepas (Lair:6)
  9 ironbound frosthearts
  A merfolk avatar (Lair:6)
  15 naga warriors
  A spriggan skeleton (Depths:1)
  28 dancing weapons
  6 deep troll shamans
  A two-headed ogre (shapeshifter) (Vaults:5)
  7 death yaks
  10 anacondas
  6 deep troll earth magi
  7 alligators
  2 vampire magi
  17 naga sharpshooters
  An orc high priest (Orc:2)
  4 spriggan berserkers
  Urug (Lair:4)
  14 deep elf knights
  9 hell knights
  7 tengu warriors
  9 shock serpents
  6 soul eaters
  7 spriggans
  3 fire crabs (Swamp:4)
  3 iron trolls
  A golden dragon zombie (Depths:2)
  2 storm dragon skeletons
  6 goliath frogs
  3 sea snakes
  A sixfirhy (Depths:2)
  2 death drakes
  4 flayed ghosts
  A spriggan druid (Swamp:4)
  6 naga ritualists
  62 deep trolls
  A ghost moth zombie (Zot:1)
  6 bog bodies
  10 wizards
  7 swamp dragons
  4 glowing orange brains
  7 lindwurms
  3 phantasmal warriors
  An obsidian statue (Zot:1)
  An orange crystal statue (Gauntlet)
  11 deep elf archers
  3 necromancers
  10 ironbound convokers
  7 harpies
  22 deep elf pyromancers
  15 orc knights
  A fire giant zombie (Depths:1)
  19 mana vipers
  4 manticores
  25 deep elf zephyrmancers
  18 salamanders
  7 orc sorcerers
  37 ugly things
  6 cyclopes
  A cyclops (shapeshifter) (Vaults:4)
  A will-o-the-wisp (Swamp:4)
  21 moths of wrath
  2 centaur zombies (Gauntlet)
  A rust devil (Depths:2)
  23 vault sentinels
  18 elephants
  34 black mambas
  A stone giant skeleton (Depths:1)
  15 naga magi
  5 guardian serpents
  12 cane toads
  5 gargoyles
  Psyche (D:9)
  4 rime drakes
  17 komodo dragons
  16 yaktaurs
  A black draconian zombie (Zot:1)
  A hellion (Depths:2)
  A torpor snail (shapeshifter) (Depths:1)
  6 tengu conjurers
  2 unseen horrors (shapeshifter)
  3 kobold demonologists
  A freezing wraith (Vaults:5)
  6 trolls
  2 wind drakes (Lair:6)
  Prince Ribbit (D:7)
  4 polar bears
  9 hornets
  4 tyrant leeches
  An ettin zombie (Depths:2)
  46 slime creatures
  A raiju (Gauntlet)
  10 blink frogs
  A snapping turtle (Lair:6)
  4 dream sheep (Lair:6)
  5 air elementals (Elf:1)
  A jumping spider (Vaults:4)
  Sigmund (D:6)
  6 wyverns
  A spriggan (shapeshifter) (Vaults:5)
  3 shadows
  58 yaks
  11 water elementals
  2 fire elementals (Elf:1)
  A basilisk (Lair:5)
  3 fire bats (Swamp:4)
  5 wraiths
  A neqoxec (Depths:2)
  7 steam dragons
  A golden eye (shapeshifter) (Elf:2)
  A human (D:14)
  3 redbacks (Vaults:4)
  A basilisk (shapeshifter) (D:14)
  Edmund (D:4)
  A human zombie (Depths:2)
  20 swamp worms
  15 vampire mosquitoes
  44 nagas
  8 wargs
  2 acid dragons
  A water moccasin (shapeshifter) (Elf:2)
  Duvessa (D:7)
  2 floating eyes (Depths:1)
  20 water moccasins
  11 swamp drakes
  An ice beast (Vaults:3)
  45 orc warriors
  6 wolves (Lair:6)
  7 ogres
  3 boggarts (D:15)
  9 centaurs
  A wolf (shapeshifter) (D:13)
  3 kobold brigands
  11 bullfrogs
  3 necrophages
  A gnoll sergeant (D:7)
  4 earth elementals
  5 wights (D:9)
  Dowan (D:7)
  6 killer bees (D:10)
  A howler monkey (D:9)
  2 electric eels
  2 jellies
  3 hounds
  33 orc priests
  7 iguanas
  Crazy Yiuf (D:4)
  Jessica (D:3)
  Ijyb (D:3)
  A boggart zombie (Gauntlet)
  23 orc wizards
  7 gnolls
  7 adders
  A white imp (D:5)
  An ufetubus (D:6)
  A worm (D:2)
  120 orcs
  10 endoplasms
  2 giant cockroaches
  7 goblins
  9 hobgoblins
  8 jackals
  14 kobolds
  4 quokkas (D:1)
  3 training dummies (D:6)
  8 ball pythons
  5 bats (D:1)
  2 frilled lizards
  4 rats
  2 briar patches (Swamp:4)
1887 creatures vanquished.

Vanquished Creatures (collateral kills)
  A quicksilver dragon (Snake:4)
  A death cob (Zot:4)
  A shadow dragon (Zot:1)
  A very ugly thing (Depths:1)
  A stone giant (Depths:1)
  A salamander tyrant (Snake:4)
  Erolcha (D:10)
  An anaconda (Snake:4)
  A naga ritualist (Snake:4)
  A wizard (Depths:1)
  A harpy (D:13)
  A moth of wrath (Zot:4)
  A yaktaur (Vaults:5)
  A hornet (D:10)
  A naga (Snake:4)
15 creatures vanquished.

Vanquished Creatures (others)
  A draconian stormcaller (Zot:2)
  A stone giant (Vaults:4)
  An ironbound thunderhulk (Vaults:4)
  A purple draconian (Zot:2)
  A red draconian (Zot:2)
  An ettin (Vaults:5)
  2 vault guards
  An ogre mage (Vaults:5)
  A deep elf zephyrmancer (Elf:1)
  A moth of wrath (Zot:2)
  A yaktaur (Vaults:4)
  A swamp worm (Swamp:3)
  A naga (Snake:3)
  3 swamp drakes (Swamp:4)
  An orc warrior (D:15)
  An orc wizard (Vaults:5)
  2 orcs
  A briar patch (Swamp:4)
  4 demonic plants (Gauntlet)
  2 foxfires (Swamp:4)
  16 fungi
  107 plants
  5 toadstools (D:15)
156 creatures vanquished.

Grand Total: 2058 creatures vanquished

Notes
Turn   | Place    | Note
-------+----------+-------------------------------------------
     0 | D:5      | blackman the Human Delver began the quest for the Orb.
     0 | D:5      | Reached XP level 1. HP: 18/18 MP: 1/1
    48 | D:5      | Reached XP level 2. HP: 5/24 MP: 2/2
   739 | D:5      | Noticed an ogre
   744 | D:5      | Killed an ogre
   745 | D:5      | Reached XP level 3. HP: 29/29 MP: 3/3
   745 | D:5      | Reached XP level 4. HP: 35/35 MP: 4/4
   745 | D:5      | Reached XP level 5. HP: 41/41 MP: 5/5
  1259 | D:5      | Found a staircase to the Ecumenical Temple.
  1334 | Temple   | Entered the Ecumenical Temple
  1334 | Temple   | Found a transporter.
  1334 | Temple   | Found a transporter.
  1336 | Temple   | Found a transporter.
  1336 | Temple   | Found a transporter.
  1407 | Temple   | Became a worshipper of Ashenzari the Shackled
  1498 | D:4      | Noticed Edmund
  1512 | D:4      | Killed Edmund
  1513 | D:4      | Reached XP level 6. HP: 23/47 MP: 6/6
  1721 | D:4      | Found the +13 scythe of Curses {drain, Drain}
  1822 | D:4      | Found a runed translucent door.
  1823 | D:4      | Noticed Crazy Yiuf
  1915 | D:4      | Reached skill level 1 in Polearms
  2231 | D:4      | Killed Crazy Yiuf
  2907 | D:3      | Identified the -1 helmet of Amiaz {Rampage Dex+2}
  2999 | D:3      | Noticed Ijyb
  3005 | D:3      | Killed Ijyb
  3006 | D:3      | Reached XP level 7. HP: 41/52 MP: 7/7
  3287 | D:3      | Reached * piety under Ashenzari
  3287 | D:3      | Reached ** piety under Ashenzari
  3386 | D:3      | Noticed Jessica
  3391 | D:3      | Killed Jessica
  4363 | D:1      | Found a faded altar of an unknown god.
  4987 | D:6      | Noticed a water moccasin
  4989 | D:6      | Killed a water moccasin
  4990 | D:6      | Reached skill level 5 in Polearms
  5018 | D:6      | Identified a scroll of acquirement
  5025 | D:6      | Reached XP level 8. HP: 58/60 MP: 8/8
  5035 | D:6      | Acquired the +5 pair of gloves of Fortitude {*Slow +Blink
                  | +Inv Str+4}
  5042 | D:6      | Reached *** piety under Ashenzari
  5375 | D:6      | Found Asitupi's Antique Weapon Emporium.
  5375 | D:6      | Found Galo's Magic Scroll Emporium.
  5375 | D:6      | Noticed Sigmund
  5376 | D:6      | Found Kutam's Assorted Antiques.
  5376 | D:6      | Found Ynonuih's General Store.
  5383 | D:6      | Killed Sigmund
  5764 | D:6      | Reached **** piety under Ashenzari
  5778 | D:6      | Found Gamec's Firing Range.
  5993 | D:6      | Found Loacon's Antique Weapon Shoppe.
  5996 | D:6      | Reached XP level 9. HP: 51/68 MP: 9/9
  6324 | D:7      | Noticed Prince Ribbit
  6331 | D:7      | Killed Prince Ribbit
  6337 | D:7      | Reached skill level 10 in Polearms
  6411 | D:7      | Found a transporter.
  6413 | D:7      | Noticed zeratav's ghost (novice TrFi)
  6437 | D:7      | Found a transporter.
  6519 | D:7      | Noticed Duvessa
  6519 | D:7      | Noticed Dowan
  6523 | D:7      | Killed Duvessa
  6524 | D:7      | Killed Dowan
  6885 | D:8      | Found Noref's Book Boutique.
  7351 | D:9      | Reached skill level 1 in Evocations
  7357 | D:9      | Reached XP level 10. HP: 45/76 MP: 8/10
  7515 | D:9      | Noticed Harold
  7523 | D:9      | Killed Harold
  7524 | D:9      | Reached skill level 4 in Fighting
  7620 | D:9      | Noticed Psyche
  7626 | D:9      | Killed Psyche
  7681 | D:9      | Reached skill level 5 in Dodging
  7971 | D:9      | Found an iron altar of Okawaru.
  8102 | D:10     | Entered Level 10 of the Dungeon
  8148 | D:10     | Reached skill level 5 in Evocations
  8155 | D:10     | Reached skill level 5 in Fighting
  8291 | D:10     | Reached XP level 11. HP: 65/86 MP: 8/11
  8995 | D:10     | Noticed Erolcha
  9000 | D:10     | Killed Erolcha
  9001 | D:10     | Reached skill level 6 in Fighting
  9008 | D:10     | Found a hide-covered altar of Uskayaw.
  9100 | D:10     | Found a blossoming altar of Fedhas.
  9317 | D:11     | Found a runed translucent gate.
  9356 | D:11     | Found a runed translucent gate.
  9356 | D:11     | Found a runed translucent gate.
  9358 | D:11     | Noticed a manticore
  9378 | D:11     | Noticed a two-headed ogre
  9387 | D:11     | Killed a two-headed ogre
  9421 | D:11     | Found a staircase to the Lair.
  9450 | D:11     | Noticed a two-headed ogre
  9471 | D:11     | Killed a two-headed ogre
  9658 | D:11     | Reached XP level 12. HP: 97/97 MP: 12/12
  9680 | D:11     | Noticed a boulder beetle
  9683 | D:11     | Found a sparkling altar of Nemelex Xobeh.
  9684 | D:11     | Found a hide-covered altar of Uskayaw.
  9684 | D:11     | Found a hide-covered altar of Uskayaw.
  9684 | D:11     | Found a blossoming altar of Fedhas.
  9696 | D:11     | Reached skill level 7 in Fighting
 10053 | D:11     | Noticed a minotaur
 10053 | D:11     | Noticed chrisa4242's ghost (journeyman FoGl)
 10165 | D:11     | Killed a boulder beetle
 10558 | D:11     | Noticed a boulder beetle
 10565 | D:11     | Killed a boulder beetle
 10575 | D:11     | Noticed a centaur warrior
 10579 | D:11     | Killed a centaur warrior
 10580 | D:11     | Reached skill level 10 in Dodging
 11282 | D:11     | Found a staircase to the Orcish Mines.
 11499 | D:11     | Reached skill level 10 in Evocations
 11501 | D:11     | Reached skill level 1 in Armour
 11679 | D:11     | Reached ***** piety under Ashenzari
 11690 | D:12     | Noticed Jorgrun
 11703 | D:12     | Killed Jorgrun
 11704 | D:12     | Reached skill level 8 in Fighting
 11768 | D:12     | Noticed chrisa4242's ghost (novice OpAK)
 11832 | D:12     | Found a runed translucent gate.
 11832 | D:12     | Found a runed translucent gate.
 11832 | D:12     | Found a runed translucent gate.
 11940 | D:12     | Noticed Snorg
 11958 | D:12     | Killed Snorg
 11959 | D:12     | Reached XP level 13. HP: 95/106 MP: 10/13
 12108 | D:12     | Noticed a four-headed hydra
 12323 | D:12     | Noticed Rupert
 12337 | D:12     | Killed Rupert
 13195 | D:12     | Killed a four-headed hydra
 13196 | D:12     | Reached skill level 5 in Armour
 14391 | D:13     | Noticed a centaur warrior
 14396 | D:13     | Killed a centaur warrior
 14403 | D:13     | Noticed a jorogumo
 14412 | D:13     | Killed a jorogumo
 14497 | D:13     | Reached skill level 9 in Fighting
 15164 | Lair:1   | Entered Level 1 of the Lair of Beasts
 15225 | Lair:1   | Identified the -2 pair of gloves "Woashrer" {Harm rN+ rCorr
                  | Stlth+}
 15750 | Lair:1   | Found a hazy altar of Hepliaklqana.
 15774 | Lair:1   | Reached XP level 14. HP: 116/116 MP: 14/14
 16126 | Lair:2   | Found a gate leading to a gauntlet.
 16137 | Gauntlet | Entered a Gauntlet
 16137 | Gauntlet | Found a transporter.
 16137 | Gauntlet | Found a transporter.
 16143 | Gauntlet | Found a transporter.
 16156 | Gauntlet | Found a transporter.
 16169 | Gauntlet | Found a large runed translucent door.
 16170 | Gauntlet | Found a large runed translucent door.
 16171 | Gauntlet | Found a large runed translucent door.
 16171 | Gauntlet | Found a large runed translucent door.
 16171 | Gauntlet | Found a large runed translucent door.
 16171 | Gauntlet | Found a large runed translucent door.
 16171 | Gauntlet | Found a large runed translucent door.
 16171 | Gauntlet | Found a large runed translucent door.
 16172 | Gauntlet | Found a runed translucent door.
 16172 | Gauntlet | Found a runed translucent gate.
 16172 | Gauntlet | Identified the +0 pair of gloves of Going Fast {rPois
                  | Dex+4}
 16173 | Gauntlet | Found a runed translucent gate.
 16173 | Gauntlet | Found a transporter.
 16173 | Gauntlet | Found a transporter.
 16173 | Gauntlet | Found a transporter.
 16175 | Gauntlet | Found a transporter.
 16175 | Gauntlet | Found a transporter.
 16186 | Gauntlet | Found a transporter.
 16202 | Gauntlet | Found a transporter.
 16211 | Gauntlet | Found a runed translucent gate.
 16212 | Gauntlet | Found a transporter.
 16212 | Gauntlet | Found a runed translucent gate.
 16213 | Gauntlet | Found a runed translucent gate.
 16226 | Gauntlet | Found a transporter.
 16239 | Gauntlet | Found a large runed translucent door.
 16239 | Gauntlet | Found a large runed translucent door.
 16239 | Gauntlet | Found a large runed translucent door.
 16239 | Gauntlet | Found a large runed translucent door.
 16239 | Gauntlet | Found a large runed translucent door.
 16239 | Gauntlet | Found a large runed translucent door.
 16240 | Gauntlet | Found a runed translucent gate.
 16240 | Gauntlet | Found a large runed translucent door.
 16240 | Gauntlet | Found a runed translucent door.
 16240 | Gauntlet | Found a large runed translucent door.
 16245 | Gauntlet | Found a transporter.
 16246 | Gauntlet | Identified the +7 spear of the Summoning Gods {flame, rF+}
 16888 | Gauntlet | Identified the ring "Dugyeth" {rCorr MP+9 AC+4 Int+2 Dex+2}
 16888 | Gauntlet | Noticed a minotaur
 16897 | Gauntlet | Killed a minotaur
 17182 | Lair:2   | Found a staircase to the Swamp.
 17566 | Lair:2   | Found a bloodstained altar of Trog.
 17669 | Lair:2   | Identified the +8 plate armour "Qoghaan" {rF++ Str+6}
 18355 | Lair:3   | Found a transporter.
 18367 | Lair:3   | Found a transporter.
 18482 | Lair:3   | Identified the +10 trident of the Blushing Sybil {holy,
                  | *Rage rC+++ Str+7}
 18757 | Lair:3   | Reached skill level 10 in Fighting
 18911 | Lair:4   | Noticed Urug
 18912 | Lair:4   | Found a runed translucent gate.
 18912 | Lair:4   | Found a runed translucent gate.
 18912 | Lair:4   | Found a runed translucent gate.
 18913 | Lair:4   | Noticed Fiha's ghost (journeyman VSTm)
 18913 | Lair:4   | Noticed Xutikh's ghost (journeyman SpCA)
 18920 | Lair:4   | Killed Urug
 19111 | Lair:4   | Found a staircase to the Snake Pit.
 19228 | Lair:4   | Acquired 1108 gold pieces
 19338 | Lair:4   | Identified the +5 double sword "Juraegil" {vorpal, rPois
                  | Str+6 Dex+2}
 19834 | Lair:5   | Reached skill level 10 in Armour
 19840 | Lair:5   | Reached XP level 15. HP: 115/124 MP: 15/15
 20509 | Lair:6   | Entered Level 6 of the Lair of Beasts
 20613 | Lair:6   | Found a frozen archway.
 20747 | Lair:6   | Found a runed translucent door.
 20749 | Lair:6   | Found a staircase to the Slime Pits.
 21028 | Lair:6   | Reached skill level 11 in Fighting
 21453 | Lair:6   | Reached skill level 15 in Polearms
 22271 | Slime:1  | Entered Level 1 of the Pits of Slime
 22464 | Orc:1    | Entered Level 1 of the Orcish Mines
 22694 | Orc:1    | Noticed Fannar
 22695 | Orc:1    | Noticed an orc warlord
 22705 | Orc:1    | Killed Fannar
 22721 | Orc:1    | Killed an orc warlord
 22722 | Orc:1    | Reached XP level 16. HP: 130/133 MP: 16/16
 23280 | Orc:2    | Entered Level 2 of the Orcish Mines
 23286 | Orc:2    | Found Qaon's General Store.
 23288 | Orc:2    | Found Haiph's Specific Store.
 24051 | Orc:2    | Paralysed by an orc sorcerer for 5 turns
 24093 | Orc:2    | Found Lotril's Antique Armour Shoppe.
 24254 | Orc:2    | Found Teqe's General Store.
 24384 | Orc:2    | Found a transporter.
 24390 | Orc:2    | Noticed zazu2006's ghost (journeyman NaHW)
 24393 | Orc:2    | Found a bloodstained altar of Trog.
 24422 | Orc:2    | Found a transporter.
 24518 | Orc:2    | Found Hiruut's Book Shoppe.
 24547 | Orc:2    | Bought a manual of Polearms for 1280 gold pieces
 24560 | Orc:2    | Found Pevifet's Antique Weapon Shoppe.
 24636 | Orc:2    | Found a staircase to the Elven Halls.
 24862 | Snake:1  | Entered Level 1 of the Snake Pit
 24862 | Snake:1  | Identified the +0 mace "Ugia" {pain, Will+ Int+2 Dex+3}
 24867 | Snake:1  | Noticed Aizul
 26175 | Snake:1  | Killed Aizul
 26988 | Snake:2  | Found Rowuip's One-of-a-Kind Rings.
 26995 | Snake:2  | Bought the ring "Bennit" {rC+ rCorr EV+4 Int+4 Slay+3} for
                  | 919 gold pieces
 27022 | Snake:2  | Noticed a nagaraja
 27037 | Snake:2  | Killed a nagaraja
 27264 | Snake:2  | Reached XP level 17. HP: 139/142 MP: 17/17
 27422 | Snake:2  | Noticed Vashnia
 27441 | Snake:2  | Killed Vashnia
 27911 | Snake:2  | Identified the +2 mace "Bineun" {freeze, rCorr Int+4
                  | Stlth+}
 29031 | Snake:3  | Noticed Keedach's ghost (journeyman DsBe)
 29037 | Snake:3  | Found a runed translucent door.
 30573 | Snake:4  | Entered Level 4 of the Snake Pit
 30591 | Snake:4  | Reached skill level 12 in Fighting
 30633 | Snake:4  | Found a transporter.
 30635 | Snake:4  | Found a transporter.
 31488 | Snake:4  | Noticed Mimusiah's ghost (adept HOFi)
 31489 | Snake:4  | Found a one-way gate to the infinite horrors of the Abyss.
 31491 | Snake:4  | Noticed an Executioner
 31610 | Snake:4  | Reached XP level 18. HP: 125/151 MP: 14/18
 31655 | Snake:3  | Reached skill level 13 in Fighting
 32656 | Snake:4  | Noticed a quicksilver dragon
 33401 | Snake:4  | Noticed a quicksilver dragon
 33419 | Snake:4  | Killed a quicksilver dragon
 33420 | Snake:4  | Reached skill level 14 in Fighting
 34244 | Snake:4  | Reached skill level 15 in Fighting
 34348 | Snake:4  | Killed a quicksilver dragon
 34729 | Snake:4  | Got a serpentine rune of Zot
 35009 | Elf:1    | Entered Level 1 of the Elven Halls
 35736 | D:14     | Found a gate to the Vaults.
 35982 | D:14     | Reached skill level 16 in Fighting
 36148 | D:14     | Identified the +6 long sword "Ysta" {vorpal, Fly rC+ rCorr
                  | Int-2}
 36221 | D:15     | Entered Level 15 of the Dungeon
 36650 | D:15     | Reached skill level 1 in Translocations
 36657 | D:15     | Paralysed by an ogre mage for 3 turns
 36919 | D:15     | Reached XP level 19. HP: 168/168 MP: 19/19
 37135 | D:15     | Found a staircase to the Depths.
 37231 | D:15     | Reached ****** piety under Ashenzari
 37418 | Vaults:1 | Entered Level 1 of the Vaults
 37418 | Vaults:1 | Found Tireti's General Store.
 37475 | Vaults:1 | Reached skill level 1 in Spellcasting
 37608 | Vaults:1 | Found Gozag's Antique Armour Shop.
 37612 | Vaults:1 | Found Gozag's Antique Armour Boutique.
 37623 | Vaults:1 | Found an opulent altar of Gozag.
 37623 | Vaults:1 | Found Gozag's Assorted Antiques.
 37831 | Vaults:1 | Identified the +8 broad axe of Rubbish {flame, Int+6}
 37906 | Vaults:1 | Reached skill level 5 in Translocations
 38713 | Swamp:1  | Entered Level 1 of the Swamp
 38713 | Swamp:1  | Found a broken altar of Ashenzari.
 39410 | Swamp:2  | Noticed Donald
 39422 | Swamp:2  | Killed Donald
 39959 | Swamp:2  | Learned a level 4 spell: Passage of Golubria
 41354 | Swamp:4  | Entered Level 4 of the Swamp
 41956 | Swamp:4  | Reached skill level 10 in Translocations
 41959 | Swamp:4  | Reached XP level 20. HP: 88/178 MP: 31/31
 43035 | Swamp:4  | Identified the +2 morningstar of Yffyk {flame, *Slow rN++
                  | Int+3 SInv}
 43381 | Swamp:4  | Learned a level 6 spell: Dispersal
 43694 | Swamp:4  | Got a decaying rune of Zot
 43733 | Swamp:4  | Upgraded the game from 0.29-a0-757-g358383bc75 to
                  | 0.29-a0-775-g4d7333d4e2
 44004 | Vaults:1 | Found Haoch's Jewellery Shop.
 44047 | Vaults:1 | Found Soehoqa's Weapon Shop.
 44284 | Vaults:1 | Found Ovokehu's Weapon Shoppe.
 45644 | Vaults:2 | Found Piwosk's Antique Armour Boutique.
 46651 | Vaults:3 | Found a staircase to the Crypt.
 46662 | Vaults:3 | Found a flickering gateway to a bazaar.
 46671 | Bazaar   | Entered a bazaar
 46675 | Bazaar   | Found Diten's Jewellery Boutique.
 46693 | Bazaar   | Found Foren's Antique Weapon Emporium.
 46711 | Bazaar   | Found Entug's Book Boutique.
 46728 | Bazaar   | Found Eqotas's Assorted Antiques.
 46949 | Vaults:3 | Identified Roxanne's Volume of Shifting Earth
 46963 | Vaults:3 | Reached XP level 21. HP: 160/183 MP: 27/31
 47244 | Vaults:3 | Paralysed by a great orb of eyes for 4 turns
 49029 | Vaults:4 | Reached skill level 15 in Armour
 50001 | Vaults:4 | Reached XP level 22. HP: 171/192 MP: 29/33
 50473 | Vaults:5 | Entered Level 5 of the Vaults
 50478 | Vaults:5 | Noticed Bai Suzhen
 50489 | Vaults:5 | Killed Bai Suzhen
 51334 | Vaults:5 | Paralysed by a sphinx for 5 turns
 51451 | Vaults:5 | Paralysed by a sphinx for 5 turns
 51829 | Vaults:5 | Noticed a golden dragon
 52239 | Vaults:4 | Reached skill level 17 in Fighting
 52436 | Vaults:5 | Killed a golden dragon
 54331 | Vaults:5 | Paralysed by an ogre mage for 3 turns
 54346 | Vaults:5 | Noticed an ancient lich
 54698 | Vaults:5 | Noticed a golden dragon
 56321 | Elf:1    | Reached skill level 18 in Fighting
 56331 | Elf:1    | Reached XP level 23. HP: 182/199 MP: 31/34
 56580 | Elf:1    | Paralysed by an air elemental for 1 turns
 56802 | Elf:1    | Paralysed by an air elemental for 1 turns
 56893 | Elf:1    | Paralysed by an air elemental for 1 turns
 56901 | Elf:1    | Reached skill level 1 in Hexes
 56901 | Elf:1    | Reached skill level 1 in Air Magic
 57024 | Elf:1    | Found a runed translucent gate.
 57024 | Elf:1    | Found a runed translucent gate.
 57024 | Elf:1    | Found a runed translucent gate.
 57024 | Elf:1    | Found a runed translucent gate.
 57024 | Elf:1    | Found a runed translucent gate.
 57025 | Elf:1    | Found a runed translucent gate.
 57378 | Elf:1    | Noticed Agnes
 57381 | Elf:1    | Killed Agnes
 57967 | Elf:2    | Reached skill level 5 in Hexes
 58053 | Elf:2    | Identified the +1 leather armour of Chimes {+Blink +Inv
                  | Dex+3}
 58061 | Elf:2    | Found Zuapazi's Assorted Antiques.
 58069 | Elf:2    | Found Nic Haxt's Book Emporium.
 58075 | Elf:2    | Bought a book of Death for 616 gold pieces
 58130 | Elf:2    | Found Ecryvosue's Assorted Antiques.
 58237 | Elf:2    | Bought a potion of resistance for 300 gold pieces
 58462 | Elf:2    | Found a runed translucent gate.
 58462 | Elf:2    | Found a runed translucent gate.
 58462 | Elf:2    | Found a runed translucent gate.
 58766 | Elf:2    | Reached skill level 5 in Air Magic
 58841 | Elf:2    | Learned a level 5 spell: Silence
 59327 | Vaults:4 | Killed a golden dragon
 59421 | Vaults:5 | Killed an ancient lich
 59876 | Vaults:5 | Found Jemiz's Book Boutique.
 59930 | Vaults:5 | Identified the +0 plate armour "Quroun" {Rampage rPois}
 59953 | Vaults:5 | Identified the +2 scale mail "Ugyipsan" {Dex+3}
 60011 | Vaults:5 | Noticed a dread lich
 60025 | Vaults:5 | Killed a dread lich
 60029 | Vaults:5 | Reached XP level 24. HP: 183/211 MP: 24/34
 60263 | Vaults:5 | Found Joad's Jewellery Shop.
 60267 | Vaults:5 | Got a silver rune of Zot
 60271 | Vaults:5 | Found Ane Tarph's Jewellery Shop.
 60382 | Vaults:5 | Found Jixest's Magic Scroll Emporium.
 60386 | Vaults:5 | Found Gyenyurgh's Distillery.
 60391 | Vaults:5 | Bought a scroll of teleportation for 42 gold pieces
 60395 | Vaults:5 | Found Soveobb's Distillery.
 60395 | Vaults:5 | Found Enief's Magic Scroll Boutique.
 60417 | Vaults:5 | Reached skill level 10 in Hexes
 60501 | Vaults:5 | Bought a potion of heal wounds for 105 gold pieces
 60501 | Vaults:5 | Bought a potion of heal wounds for 105 gold pieces
 60505 | Vaults:5 | Found Zofuju Kido's Distillery.
 60512 | Vaults:5 | Bought a potion of heal wounds for 110 gold pieces
 60519 | Vaults:5 | Bought 2 potions of heal wounds for 100 gold pieces
 60523 | Vaults:5 | Found Elorot's Magic Scroll Boutique.
 60530 | Vaults:5 | Bought a scroll of magic mapping for 63 gold pieces
 60792 | Depths:1 | Entered Level 1 of the Depths
 60829 | Depths:1 | Found a one-way gate leading to the halls of Pandemonium.
 60928 | Depths:1 | Found Kepuwys's Armour Shop.
 60973 | Depths:1 | Found a glowing silver altar of Zin.
 61257 | Depths:1 | Found Wydeah's Weapon Emporium.
 61276 | Depths:1 | Found Hiypanaish's Jewellery Emporium.
 61509 | Depths:1 | Found Umiafot's Armour Boutique.
 61699 | Depths:1 | Found Weuvveq's Magic Scroll Shop.
 61716 | Depths:1 | Bought a scroll of blinking for 127 gold pieces
 61907 | Depths:1 | Paralysed by a floating eye for 2 turns
 61912 | Depths:1 | Reached skill level 19 in Fighting
 62170 | Depths:1 | Found a gateway to Hell.
 62679 | Depths:1 | Noticed a golden dragon
 62680 | Depths:1 | Identified the +7 flail of the Supporting Fulmar {freeze,
                  | Str+5 Int+3}
 62866 | Depths:1 | Killed a golden dragon
 62887 | Depths:1 | Reached skill level 20 in Fighting
 63303 | Depths:2 | Noticed Asterion
 63308 | Depths:2 | Killed Asterion
 64181 | Depths:2 | Reached XP level 25. HP: 221/224 MP: 34/34
 65191 | Depths:3 | Found Muleapp's Jewellery Shop.
 65488 | Depths:3 | Found a sacrificial altar of Ru.
 65689 | Depths:3 | Identified the +3 leather armour of Bicwiaf {rElec Str+3
                  | Dex-2 Slay+2}
 65801 | Depths:3 | Identified the Catalogue of Unstable Snow
 66489 | Depths:4 | Entered Level 4 of the Depths
 66685 | Depths:4 | Reached skill level 21 in Fighting
 67070 | Depths:4 | Paralysed by a vampire knight for 2 turns
 67079 | Depths:4 | Found a gate to the Realm of Zot.
 67561 | Depths:4 | Found a stormy altar of Qazlal.
 67577 | Depths:4 | Found a one-way gateway to a ziggurat.
 67925 | Zot:1    | Entered Level 1 of the Realm of Zot
 67925 | Zot:1    | Noticed a dread lich
 67925 | Zot:1    | Noticed a curse toe
 67926 | Zot:1    | Noticed a curse toe
 67926 | Zot:1    | Noticed an ancient lich
 67938 | Zot:1    | Killed a dread lich
 67939 | Zot:1    | Reached skill level 22 in Fighting
 67939 | Zot:1    | Reached XP level 26. HP: 125/236 MP: 17/34
 67951 | Depths:4 | Killed a curse toe
 67957 | Depths:4 | Killed an ancient lich
 68545 | Depths:4 | Killed a curse toe
 69488 | Zot:1    | Reached skill level 23 in Fighting
 71513 | Zot:1    | Found a runed translucent door.
 71513 | Zot:1    | Found a shimmering altar of Xom.
 71513 | Zot:1    | Noticed dolemite99's ghost (veteran GnNe)
 71700 | Zot:1    | Killed dolemite99's ghost
 71900 | Zot:2    | Noticed a curse toe
 71914 | Zot:2    | Killed a curse toe
 72727 | Zot:2    | Noticed an orb of fire
 73135 | Zot:3    | Noticed a Killer Klown
 73520 | Zot:3    | Noticed a Killer Klown
 73534 | Zot:3    | Killed a Killer Klown
 73535 | Zot:3    | Reached skill level 15 in Dodging
 73564 | Zot:3    | HP: 6/221 [white draconian/+0 hand axe (13)]
 74833 | Zot:3    | Killed a Killer Klown
 74885 | Zot:3    | Reached XP level 27. HP: 191/243 MP: 29/34
 75409 | Zot:3    | Found a large runed translucent door.
 75409 | Zot:3    | Found a large runed translucent door.
 75410 | Zot:3    | Noticed Akugygoc's ghost (legendary MiFi)
 75669 | Zot:4    | Identified the +3 war axe "Eviscerator" {freeze, rF+ Str+2}
 75711 | Zot:4    | HP: 3/249 [golden dragon (16)]
 75714 | Zot:4    | Demolished by a yellow draconian

Illustrated notes

Levels and vault maps discovered:
D:1:      wander_arrival_estate, layout_rooms, serial_corexii_hall,
          chequers_hall_statues_y, chequers_hall_statues_y,
          hellmonk_ecumenical_altar_run_dry, dreamdust_princess_corridor,
          minmay_misc_feat_chi, minmay_strange_pillars
D:2:      layout_basic
D:3:      layout_rooms, uniq_ijyb, uniq_jessica
D:4:      layout_cave_pools, uniq_crazy_yiuf_cottage, uniq_edmund
D:5:      layout_basic, temple_pool_b, lemuel_another_geyser
D:6:      layout_loops_ring, serial_shops, nicolae_shop_waterfront,
          minmay_misc_feat_secret_circle, minmay_shop_grid_forest,
          kennysheep_flooded_box, nicolae_shop_firing_range, uniq_sigmund
D:7:      layout_basic, gammafunk_ghost_arena, uniq_duvessa, uniq_prince_ribbit1
D:8:      layout_cave_pools, serial_shops, nicolae_take_the_stairs
D:9:      layout_loops_cross, nicolae_overflow_hidden_temple, minmay_holes,
          kennysheep_generic_room_7, uniq_harold, uniq_psyche
D:10:     layout_loops_ring, amethyst_overflow_temple_binary,
          roderic_roman_lattice, minmay_misc_feat_nine_boxes, st_stairs_7,
          uniq_erolcha
D:11:     minmay_the_grid_octo_2x2 [minmay_the_grid_octo_chip,
          minmay_the_grid_octo_fat_diamond, minmay_the_grid_octo_shrine,
          minmay_the_grid_octo_prize_single_spiral], layout_loops_corners,
          david_orc_5, maelrawn_ghost_gauntlet_escape,
          nicolae_figureground_sparkle
D:12:     layout_basic, gammafunk_ghost_nasty_kobolds, uniq_jorgrun,
          uniq_rupert, uniq_snorg
D:13:     layout_irregular_city, minivault_14, moated_statue, hangedman_aviary
D:14:     layout_stronghold, grunt_vaults_entry_fortified, moated_statue
D:15:     grunt_enter_depths_hoard, layout_rooms, minivault_14,
          minmay_gold_behind_fungi
Temple:   hellmonk_temple_divided_pantheon
Lair:1:   beast_lair_carwin_large_3, layout_long_grid, basic_altar
Lair:2:   layout_layer_cave, skrybe_swamp_entry_bodies, gauntlet_entry_generic,
          basic_altar
Lair:3:   gammafunk_boulding_lane, layout_regular_city, minivault_25
Lair:4:   layout_layer_cave, minmay_snake_entry_six_corridors,
          gammafunk_ghost_cemetery, uniq_urug
Lair:5:   layout_cave_pods, infiniplex_staircase_pool_2
Lair:6:   gammafunk_lair_ancient_temple, layout_cave_shapes, slime_entry_2,
          portal_ice_cave_entry_pillars_2, minivault_26
Swamp:1:  layout_falls_marsh, nicolae_swamp_godswood, swamp_pool5
Swamp:2:  layout_basic_swamp, evilmike_swamp_ruin_house_6, uniq_donald
Swamp:3:  layout_basic_swamp, nicolae_swamp_tree_designs, swamp_pool1
Swamp:4:  swamp_fiery, layout_basic_swamp, swamp_pool3,
          nicolae_swamp_hydra_murder_den
Snake:1:  layout_rooms, evilmike_ambush [evilmike_ambush_outer_pillars,
          evilmike_ambush_inner_basic], uniq_aizul
Snake:2:  layout_basic, nicolae_shop_unique_rings, uniq_vashnia
Snake:3:  layout_cave_town, hellmonk_ghost_happy_afterlife,
          nicolae_snake_mages_go_home, lemuel_fruit_tree
Snake:4:  hellmonk_snake_rune_quicksilver_temple, layout_gridlike,
          gammafunk_ghost_abyssal_escape, serial_bayou_shore_a
Slime:1:  layout_caves, nicolae_slime_phagocytosis
Orc:1:    layout_diamond_mine, uniq_fannar
Orc:2:    grunt_orc_cross, layout_caves, gammafunk_ghost_wrathful_warriors,
          basic_altar, nicolae_specific_store
Elf:1:    minmay_elf_arrival_summoners, layout_loops_corners, orc_legates,
          uniq_agnes
Elf:2:    elven_hall_of_blades_hangedman_original
          [nicolae_blade_entry_sentries_behind_glass], layout_geoelf_octagon,
          serial_shops, nicolae_shop_crystal, kb_rosetta, minmay_shoptagon
Vaults:1: hangedman_vaults_restitches, kennysheep_vaults_gozag_temple,
          ontoclasm_vaults_ring_large, nicolae_vaults_hallways_thing,
          grunt_vaults_focal, nicolae_vaults_network_square, v_alt_pattern_5,
          vaults_room_fours, v_rooms_3, layout_vaults_omnigrid, serial_shops,
          nicolae_shop_hallway_stairs, shop, nicolae_shop_behind_doors,
          nicolae_shop_stone
Vaults:2: v_misc_22, ontoclasm_vaults_shout, vaults_mumra_chevron,
          hangedman_vaults_impose, v_misc_5, hangedman_vaults_stagger,
          ontoclasm_vaults_decontamination, hangedman_vaults_slice, v_misc_11,
          grunt_vaults_funnel, v_rooms_4, vaults_room_pools,
          nicolae_vaults_little_ls, layout_vaults_omnicross, serial_shops,
          nicolae_shop_waterfront
Vaults:3: nicolae_vaults_twisting_passages, ontoclasm_vaults_ring_small,
          minmay_crypt_entry_simple_corners, nicolae_vaults_specimen_jars,
          nicolae_vaults_shelves_hall, nicolae_vaults_sealed_display,
          vaults_mumra_minichess, serial_ice_h, nicolae_vaults_little_squares_6,
          vaults_room_corners, nicolae_vaults_triangles, hangedman_vaults_locks,
          v_misc_24, layout_vaults_omnibox, serial_shops, bzr_firewalk
Vaults:4: nicolae_vaults_circle_grid_b, vaults_dpeg_hooks, v_misc_22,
          hangedman_vaults_capsules, v_misc_29, vaults_room_pools,
          grunt_vaults_hallway_short, grunt_vaults_twisty,
          ontoclasm_vaults_misaligned, v_rooms_6, ontoclasm_vaults_eye,
          v_pattern_3, ontoclasm_vaults_fault, vaults_room_guarded_vault,
          nicolae_vaults_little_squares_5, nicolae_vaults_little_squares_2,
          layout_vaults_maze_bifur
Vaults:5: uniq_bai_suzhen
Depths:1: kennysheep_snake, layout_basic, serial_shops, shop, shop,
          nicolae_shop_crystal, nicolae_shop_stone,
          hangedman_abyss_or_decor_passed, grunt_pan_entry_sceptre, hell_entry,
          zin_academy, minmay_shop_star
Depths:2: evilmike_halls_of_destruction, layout_long_grid,
          rand_demon_pan_entry_9, nrook_mini_backslash,
          grunt_hell_entry_dis_grunt, infiniplex_staircase_diamond,
          grunt_megastairs_2, uniq_asterion
Depths:3: evilmike_diamond_2, layout_gridlike, rand_demon_pan_entry_7,
          serial_bayou_lagoon_a, serial_shops, shop, hell_entry, abyss_entry,
          nicolae_ru_sacrificial_ziggurat
Depths:4: grunt_crosshair, layout_small_grid, enter_ziggurat_a, abyss_entry,
          hell_entry, minmay_misc_feat_pillars, grunt_qazlal_sundering
Zot:1:    hangedman_snap_crack_crunch, layout_cathedral_of_symmetry,
          ebering_ghost_xom
Zot:2:    layout_basic, nrook_zot_tub
Zot:3:    grunt_zot_stairs_faceoff, layout_basic, ebering_ghost_disaster_area
Zot:4:    kennysheep_blocky_room, layout_basic

Skill      XL: |  1  2  3  4  5  6  7  8  9 10 11 12 13 14 15 16 17 18 19 20 21 22 23 24 25 26 27 |
---------------+----------------------------------------------------------------------------------+-----
Axes           | 4 6 |  6.1
Polearms       | 3 5 8 11 12 13 15 20 22 | 22.2
Evocations     | 1 5 8 10 11 13 | 13.6
Fighting       | 5 6 8 9 10 11 12 16 18 20 22 23 | 23.6
Dodging        | 6 8 10 13 15 16 | 16.8
Armour         | 3 7 10 12 16 18 | 18.6
Translocations | 2 10 13 | 13.7
Spellcasting   | 4 |  4.0
Hexes          | 9 11 | 11.4
Air Magic      | 6 7 |  7.0
Stealth        | |  5.0

Action                   |  1- 3 |  4- 6 |  7- 9 | 10-12 | 13-15 | 16-18 | 19-21 | 22-24 | 25-27 || total
-------------------------+-------+-------+-------+-------+-------+-------+-------+-------+-------++-------
Melee: Hand axe          |    15 |    16 |       |       |       |       |       |       |       ||    31
       Scythe            |       |    47 |   197 |   249 |   663 |   857 |  1058 |  1039 |  1010 ||  5120
       Flail             |       |     6 |       |       |       |       |       |       |       ||     6
       Punch             |       |     1 |       |       |       |       |       |       |       ||     1
 Fire: Sling             |       |     1 |       |       |       |       |       |       |       ||     1
Throw: Dart              |       |       |       |     7 |     4 |       |     2 |       |       ||    13
       Throwing net      |       |       |       |     2 |     3 |       |       |     1 |       ||     6
       Javelin           |       |       |       |       |       |       |       |       |     1 ||     1
 Cast: Passage of Golubr |       |       |       |       |       |       |    14 |     2 |     2 ||    18
       Dispersal         |       |       |       |       |       |       |     7 |       |       ||     7
       Silence           |       |       |       |       |       |       |       |     4 |     9 ||    13
Invok: Curse Item        |       |     1 |     5 |     2 |     1 |     2 |     2 |       |       ||    13
       Shatter the Chain |       |       |       |     1 |     2 |       |     1 |       |       ||     4
 Abil: Evoke Invisibilit |       |       |       |       |     1 |     1 |     1 |     1 |     1 ||     5
       Evoke Blink       |       |       |       |       |       |       |       |     2 |     4 ||     6
Evoke: Wand              |     5 |     4 |     5 |    10 |    19 |    18 |    15 |     2 |     3 ||    81
       Phial of floods   |       |       |       |     1 |     1 |     4 |       |     3 |     2 ||    11
       Box of beasts     |       |       |       |       |     1 |     2 |     1 |     1 |     4 ||     9
       Tin of tremorston |       |       |       |       |     1 |     7 |     2 |     6 |     4 ||    20
       Condenser vane    |       |       |       |       |       |     2 |     1 |     4 |     2 ||     9
       Phantom mirror    |       |       |       |       |       |     1 |       |     2 |     1 ||     4
  Use: Scroll            |       |       |     4 |     2 |     1 |     7 |     3 |     3 |     8 ||    28
       Potion            |       |       |       |       |       |    15 |     7 |     7 |    14 ||    43
 Stab: Sleeping          |       |     3 |       |       |       |       |       |       |       ||     3
       Invisible         |       |       |       |       |     4 |     9 |     4 |    10 |       ||    27
       Held in net/web   |       |       |       |       |     1 |       |       |     2 |       ||     3
       Petrifying        |       |       |       |       |     1 |       |       |       |       ||     1
       Petrified         |       |       |       |       |     1 |       |       |       |       ||     1
       Distracted        |       |       |       |       |       |     2 |       |     3 |     5 ||    10
Armor: Leather armour    |     9 |     9 |       |       |       |       |       |       |       ||    18
       Chain mail        |       |    38 |   133 |     5 |       |       |       |       |       ||   176
       Plate armour      |       |       |       |   137 |   543 |   562 |   506 |   673 |   692 ||  3113
Dodge: Dodged            |     7 |    37 |    64 |   118 |   622 |   659 |   631 |   760 |   894 ||  3792

Table legend: (Time is in decaauts)
 A = Elapsed time spent in this place.
 B = Non-inter-level travel time spent in this place.
 C = Inter-level travel time spent in this place.
 D = Time resting spent in this place.
 E = Time spent auto-exploring this place.
 F = Levels seen in this place.
 G = Mean time per level.
                   A        B        C        D        E       F      G
               +--------+--------+--------+--------+--------+-----+--------+
         Total |  75484 |  69704 |   5780 |  24434 |  34344 |  50 | 1509.7 |
       Dungeon |  18480 |  15843 |   2637 |   3642 |   9801 |  15 | 1232.0 |
        Temple |     99 |     41 |     58 |      0 |      6 |   1 |   99.0 |
          Lair |   7436 |   6812 |    624 |   1144 |   4552 |   6 | 1239.3 |
         Swamp |   5152 |   4943 |    209 |   1994 |   2076 |   4 | 1288.0 |
     Snake Pit |   9227 |   8999 |    228 |   4179 |   3514 |   4 | 2306.8 |
    Slime Pits |      3 |      3 |      0 |      0 |      0 |   1 |    3.0 |
  Orcish Mines |   2506 |   2139 |    367 |    529 |   1125 |   2 | 1253.0 |
   Elven Halls |   2583 |   2452 |    131 |    442 |   1378 |   2 | 1291.5 |
        Vaults |  14423 |  13315 |   1108 |   6588 |   5122 |   5 | 2884.6 |
        Depths |   8123 |   7820 |    303 |   2428 |   4042 |   4 | 2030.8 |
           Zot |   6473 |   6361 |    112 |   3331 |   2191 |   4 | 1618.2 |
        Bazaar |     89 |     89 |      0 |      0 |     70 |   1 |   89.0 |
      Gauntlet |    882 |    882 |      0 |    156 |    465 |   1 |  882.0 |
               +--------+--------+--------+--------+--------+-----+--------+

Top non-repeatable levels by time:
Vaults:4: 7267 daAuts
 Snake:3: 3524 daAuts
    D:11: 2920 daAuts
   Zot:2: 2717 daAuts
   Zot:1: 2621 daAuts
 Snake:4: 2516 daAuts
    D:12: 2512 daAuts
Depths:4: 2491 daAuts
Vaults:1: 2427 daAuts
Depths:1: 2418 daAuts
 Swamp:4: 2155 daAuts
     D:5: 1930 daAuts
  Lair:6: 1883 daAuts
Vaults:3: 1821 daAuts
 Snake:1: 1749 daAuts
